 Dungeon Crawl Stone Soup version 0.30-a0-737-gf23d94013f (webtiles) character file.

Game seed: 3988604913135572608

1463 bande the Chopper (level 8, -1/50 HPs)
             Began as a Gargoyle Fighter on Feb 3, 2023.
             Slain by a wight
             ... wielding a +0 mace
              (5 damage)
             ... on level 6 of the Dungeon.
             The game lasted 00:07:17 (3983 turns).

bande the Chopper (Gargoyle Fighter)                Turns: 3983, Time: 00:07:18

Health: -1/50      AC: 16    Str: 21    XL:     8   Next: 77%
Magic:  8/8        EV:  9    Int:  8    God:
Gold:   186        SH:  5    Dex: 11    Spells: 7/7 levels left

rFire   . . .      SeeInvis .    a - +1 war axe
rCold   . . .      Faith    .    c - +0 buckler
rNeg    + . .      Spirit   .    b - +0 scale mail
rPois   ∞          Reflect  .    e - +0 helmet
rElec   +          Harm     .    (no cloak)
rCorr   .          Rampage  .    (no gloves)
Will    +....                    i - +1 pair of boots Stlth
                                 (no amulet)
HPRegen 0.28/turn                q - ring of willpower
MPRegen 0.11/turn                r - ring of flight

@: flying
A: sickness immunity, AC +5, negative energy resistance 1, electricity
resistance, torment resistance 1, petrification resistance
a: no special abilities


You were on level 6 of the Dungeon.
You visited 1 branch of the dungeon, and saw 6 of its levels.

You collected 236 gold pieces.
You spent 50 gold pieces at shops.

Inventory:

Hand Weapons
 a - a +1 war axe (weapon)
 t - a +0 morningstar
Missiles
 m - a throwing net (quivered)
Armour
 b - a +0 scale mail (worn)
 c - a +0 buckler (worn)
 e - a +0 helmet (worn)
 i - a +1 pair of boots (worn)
Jewellery
 q - a ring of willpower (left hand)
 r - a ring of flight (right hand)
Wands
 j - a wand of roots (5)
 u - a wand of charming (7)
Scrolls
 f - a scroll of immolation
 g - 6 scrolls of identify
 h - 2 scrolls of teleportation
 l - a scroll of magic mapping
 n - a scroll of enchant weapon
 o - a scroll of poison
Potions
 d - 2 potions of might
 k - 2 potions of brilliance
 p - a potion of curing
 s - 2 potions of haste
 v - a potion of flight
 w - a potion of heal wounds
 x - 2 potions of resistance


   Skills:
 + Level 5.4 Fighting
 + Level 6.9 Axes
 + Level 5.6 Armour
 + Level 4.4 Shields
 * Level 3.3 Evocations


You had 7 spell levels left.
You didn't know any spells.
Your spell library contained the following spells:

 Spells                   Type           Power      Damage    Failure   Level
 Beastly Appendage        Tmut           0%         N/A       82%         1
 Wereblood                Tmut           0%         N/A       91%         2
 Ignite Poison            Fire/Tmut/Pois 0%         N/A       99%         3
 Spider Form              Tmut/Pois      0%         N/A       99%         3
 Summon Guardian Golem    Hex/Summ       0%         N/A       99%         3
 Sticky Flame             Conj/Fire      0%         2d3       100%        4
 Orb of Destruction       Conj           0%         9d5       100%        7
 Spellforged Servitor     Conj/Summ      0%         N/A       100%        7
 Ignition                 Fire           0%         3d3       100%        8


Dungeon Overview and Level Annotations

Branches:
Dungeon (6/15)
 Temple: D:4-7

Altars:
Dithmenos
Makhleb
Wu Jian

Shops:
D:2 ?   D:6 *


Innate Abilities, Weirdness & Mutations

You are immune to sickness and miasma.
Your stone body is resilient. (AC +5)
You are immune to poison.
You resist negative energy. (rN+)
You are resistant to electric shocks. (rElec)
You are resistant to unholy torment.
You are immune to petrification.


Message History

The wight completely misses you.
You hit the wight.
The wight is severely damaged.
You hit the wight but do no damage. You hit the iguana but do no damage.
The wight hits you but does no damage.
The iguana bites you but does no damage.
The wight closely misses you.
You barely miss the wight.
The wight is heavily damaged.
You hit the iguana. You barely miss the wight.
The wight hits you with a +0 mace! The iguana bites you!
* * * LOW HITPOINT WARNING * * *
The wight completely misses you.
You are too injured to fight recklessly!
You are too injured to fight recklessly!
You are too injured to fight recklessly!
You are too injured to fight recklessly!
You are too injured to fight recklessly!
You are too injured to fight recklessly!
You are too injured to fight recklessly!
You are too injured to fight recklessly!
You completely miss the wight.
The wight is heavily damaged.
You slash the wight! You closely miss the iguana.
The wight hits you but does no damage.
The iguana bites you but does no damage.
The wight hits you with a +3 long sword.
* * * LOW HITPOINT WARNING * * *
The wight hits you with a +3 long sword.
* * * LOW HITPOINT WARNING * * *
You block the iguana's attack. The wight hits you but does no damage.
You slash the wight!
The wight is almost destroyed.
You hit the wight. You slash the iguana!
You kill the iguana!
The wight completely misses you. The wight hits you but does no damage.
You hit the wight.
You destroy the wight!
You hit the wight. The wight hits you with a +0 mace.
You die...

.... .... ..... ...
.... .. .... #.## ...
#..#######.#
#.#z......## ##.@)#
##⌠.⌠# #..#####..∩.#
#. #....##..).⌠## ...
#............#
#..##...#........#
#................#
.......#........#
...<.............#
#..###......###.#####


You could see a wight.

Vanquished Creatures
  A kobold demonologist (D:5)
  2 black bears
  An ogre (D:5)
  A centaur (D:5)
  3 kobold brigands (D:5)
  A gnoll sergeant (D:6)
  A scorpion (D:5)
  3 wights (D:6)
  A jelly (D:5)
  A hound (D:6)
  Natasha (thrice) (D:2)
  3 iguanas
  4 adders
  4 gnolls (D:6)
  A shadow imp (D:5)
  A white imp (D:4)
  2 ufetubi
  A worm (D:3)
  4 dart slugs
  4 orcs
  6 endoplasms
  4 giant cockroaches
  8 goblins
  7 hobgoblins
  2 jackals (D:2)
  16 kobolds
  4 quokkas
  10 ball pythons
  5 bats
  5 frilled lizards
  2 rats
111 creatures vanquished.

Notes
Turn   | Place    | Note
-------+----------+-------------------------------------------
     0 | D:1      | bande the Gargoyle Fighter began the quest for the Orb.
     0 | D:1      | Reached XP level 1. HP: 14/14 MP: 1/1
    73 | D:1      | Reached XP level 2. HP: 15/19 MP: 2/2
    74 | D:1      | Reached skill level 2 in Axes
   271 | D:1      | Reached XP level 3. HP: 20/23 MP: 3/3
   557 | D:2      | Found The Oracle's Delphic Readings.
   630 | D:2      | Noticed Natasha
   636 | D:2      | Killed Natasha
   637 | D:2      | Reached skill level 3 in Axes
   637 | D:2      | Reached XP level 4. HP: 28/28 MP: 4/4
   739 | D:2      | Noticed Natasha
   752 | D:2      | Killed Natasha
   926 | D:2      | Noticed Natasha
   936 | D:2      | Killed Natasha
   937 | D:2      | Reached XP level 5. HP: 19/33 MP: 5/5
  1585 | D:3      | Reached skill level 4 in Axes
  2083 | D:4      | Noticed a black bear
  2091 | D:4      | Killed a black bear
  2092 | D:4      | Reached skill level 1 in Evocations
  2092 | D:4      | Reached XP level 6. HP: 33/38 MP: 6/6
  2261 | D:4      | Found a burning altar of Makhleb.
  2506 | D:5      | Entered Level 5 of the Dungeon
  2514 | D:5      | Noticed a kobold demonologist
  2518 | D:5      | Noticed a chaos spawn
  2534 | D:5      | Reached skill level 5 in Axes
  2534 | D:5      | Reached XP level 7. HP: 8/44 MP: 7/7
  2541 | D:5      | Noticed a smoke demon
  2543 | D:5      | Killed a kobold demonologist
  2787 | D:5      | Reached skill level 5 in Armour
  2825 | D:5      | Reached XP level 8. HP: 35/48 MP: 8/8
  2936 | D:5      | Reached skill level 6 in Axes
  3021 | D:5      | Found a shadowy altar of Dithmenos.
  3133 | D:5      | Found an ornate altar of the Wu Jian Council.
  3212 | D:5      | Reached skill level 5 in Fighting
  3925 | D:6      | Found Mel Xiokk's General Store.
  3949 | D:6      | Bought a potion of heal wounds for 50 gold pieces
  3983 | D:6      | Slain by a wight

Illustrated notes

Levels and vault maps discovered:
D:1:      spicycebolla_green_bress_n_ham_2, layout_rooms, minivault_25
D:2:      layout_basic, nicolae_nh_oracle_at_delphi, uniq_natasha
D:3:      layout_loops_ring, kennysheep_generic_room_10
D:4:      layout_rooms, mainiacjoe_overflow_24_doors
D:5:      layout_basic, lemuel_doored_altar, grunt_dithmenos_shadows
D:6:      layout_rooms, serial_shops, shop_fountains

Skill      XL: |  1  2  3  4  5  6  7  8 |
---------------+-------------------------+-----
Axes           | 2 3 4 5 6 |  6.9
Fighting       | 4 5 |  5.4
Armour         | 4 5 |  5.6
Evocations     | 1 2 3 |  3.3
Shields        | 4 |  4.4

Action                     |  1- 3 |  4- 6 |  7- 9 || total
---------------------------+-------+-------+-------++-------
  Melee: War axe           |    92 |   128 |    99 ||   319
    Use: Scroll            |       |     8 |     5 ||    13
         Potion            |       |       |     1 ||     1
 Armour: Scale mail        |    69 |    88 |    86 ||   243
  Dodge: Dodged            |    44 |    69 |    77 ||   190
  Block: Buckler           |    23 |    29 |    26 ||    78

Table legend: (Time is in decaauts)
 A = Elapsed time spent in this place.
 B = Non-inter-level travel time spent in this place.
 C = Inter-level travel time spent in this place.
 D = Time resting spent in this place.
 E = Time spent auto-exploring this place.
 F = Levels seen in this place.
 G = Mean time per level.
                   A        B        C        D        E       F      G
               +--------+--------+--------+--------+--------+-----+--------+
         Total |   4090 |   4027 |     63 |    744 |   2391 |   6 |  681.7 |
       Dungeon |   4090 |   4027 |     63 |    744 |   2391 |   6 |  681.7 |
               +--------+--------+--------+--------+--------+-----+--------+

Top non-repeatable levels by time:
     D:5: 991 daAuts
     D:3: 793 daAuts
     D:2: 668 daAuts
     D:4: 602 daAuts
     D:1: 537 daAuts
     D:6: 496 daAuts
